 Dungeon Crawl Stone Soup version 0.28.0-45-g0d030f2227 (webtiles) character file.

Game seed: 10585017293624968233

7552 MisterFreud the Fighter (level 11, -5/108 HPs)
             Began as a Naga Fighter on May 2, 2022.
             Was a High Priest of Okawaru.
             Slain by a basilisk (19 damage)
             ... on level 10 of the Dungeon.
             The game lasted 00:13:38 (11522 turns).

MisterFreud the Fighter (Naga Fighter)             Turns: 11522, Time: 00:13:38

Health: -5/108     AC:  3    Str: 21    XL:     11   Next: 17%
Magic:  17/17      EV:  7    Int:  8    God:    Okawaru [*****.]
Gold:   687        SH:  5    Dex: 13    Spells: 10/10 levels left

rFire   . . .      SeeInvis +   H - +2 trident (vorpal)
rCold   . . .      Faith    .   N - orb {mayhem}
rNeg    . . .      Spirit   .   b - +0 scale mail
rPois   +          Reflect  +   n - +0 helmet
rElec   .          Harm     .   A - +0 cloak
rCorr   .          Rampage  .   s - +0 pair of gloves
Will    ++...                   (no barding)
Stlth   ..........              y - amulet of reflection
HPRegen 0.28/turn               K - ring of willpower
MPRegen 0.15/turn               f - +4 ring of slaying

@: corroded, very slow
A: AC +3, large, see invisible, deformed body, poison resistance, slowness 2,
spit poison 1, naga tail 1
a: Spit Poison, Renounce Religion, Heroism, Finesse, Duel


You were on level 10 of the Dungeon.
You worshipped Okawaru.
Okawaru was extremely pleased with you.
You visited 1 branch of the dungeon, and saw 10 of its levels.
You also visited: Ossuary.

You collected 778 gold pieces.
You spent 91 gold pieces at shops.

Inventory:

Hand Weapons
 H - a +2 vorpal trident (weapon)
 I - the +7 hand axe of Hacking and Slashing {flame, +Blink Str-2 Int+3 Stlth+}
   (You found it on level 9 of the Dungeon)

   It burns those it strikes, dealing additional fire damage.
   Big, fiery blades are also staple armaments of hydra-hunters.
   Str:       It affects your strength (-2).
   Int:       It affects your intelligence (+3).
   +Blink:    It lets you blink.
   Stlth:     It makes you more stealthy.
Missiles
 l - 6 poisoned darts
 q - 2 throwing nets
 x - 2 silver javelins
 D - 2 curare-tipped darts
 M - 5 boomerangs
Armour
 b - a +0 scale mail (worn)
 c - a +1 buckler
 n - a +0 helmet (worn)
 s - a +0 pair of gloves (worn)
 A - a +0 cloak (worn)
 N - an orb of mayhem (worn)
Jewellery
 f - a +4 ring of slaying (right hand)
 i - a ring of protection from fire
 j - a ring of positive energy
 r - a ring of wizardry
 w - a ring of magical power
 y - an amulet of reflection (around neck)
 F - a ring of flight
 G - an amulet of faith
 K - a ring of willpower (left hand)
Wands
 m - a wand of paralysis (12)
 t - a wand of acid (3)
 L - a wand of flame (13)
Scrolls
 p - 2 scrolls of teleportation
 v - 3 scrolls of holy word
 B - 3 scrolls of amnesia
Potions
 a - a potion of mutation {unknown}
 d - 4 potions of might
 e - 7 potions of curing
 g - 7 potions of heal wounds
 h - 2 potions of berserk rage
 k - 2 potions of haste
 o - a potion of degeneration {unknown}
 u - 2 potions of ambrosia
 z - 2 potions of attraction
 C - 2 potions of magic
 E - a potion of lignification
 J - 2 potions of brilliance {unknown}


   Skills:
 - Level 10.0 Fighting
 - Level 9.0 Polearms
 - Level 5.0 Armour
 - Level 5.0 Shields
 + Level 8.5 Invocations
 + Level 2.4 Evocations


You had 10 spell levels left.
You didn't know any spells.
Your spell library contained the following spells:

 Spells                   Type           Power      Damage    Failure   Level
 Sandblast                Erth           0%         2d4       75%         1
 Corpse Rot               Necr/Air       0%         N/A       86%         2
 Passwall                 Tmut/Erth      0%         N/A       86%         2
 Poisonous Vapours        Pois/Air       0%         N/A       86%         2
 Stone Arrow              Conj/Erth      0%         3d7       98%         3
 Passage of Golubria      Tloc           0%         N/A       100%        4
 Silence                  Hex/Air        0%         N/A       100%        5
 Lehudib's Crystal Spear  Conj/Erth      0%         10d2      100%        8


Dungeon Overview and Level Annotations

Branches:
Dungeon (10/15)            Temple (0/1) D:6             Orc (0/2) D:10
Ossuary (visited)
   Lair: D:8-11

Altars:
Cheibriados
Nemelex Xobeh
Okawaru
Qazlal
Sif Muna
Xom
Beogh

Shops:
D:8 **:


Innate Abilities, Weirdness & Mutations

Your serpentine skin is tough. (AC +3)
You have supernaturally acute eyesight. (SInv)
Armour fits poorly on your strangely shaped body.
Your system is resistant to poisons. (rPois)
You cover ground very slowly.
You can spit poison.
You have a snake-like lower body.


Message History

The acid dragon bites you. You block the acid dragon's attack.
You hit the acid dragon.
The acid dragon is almost dead.
The wyvern bites you! The acid dragon bites you.
The acid dragon barely misses you.
You barely miss the acid dragon.
The acid dragon is almost dead.
You block the wyvern's attack. The wyvern barely misses you.
You hit the acid dragon.
You kill the acid dragon!
Okawaru accepts your kill.
The basilisk flies into a frenzy!
The wyvern bites you!
You hit the wyvern but do no damage. The wyvern bites you!
You puncture the wyvern!
The wyvern is moderately wounded.
The wyvern bites you but does no damage.
The basilisk bites the wyvern.
You hit the wyvern but do no damage.
The wyvern is heavily wounded.
The wyvern bites you.
The basilisk barely misses the wyvern.
The wyvern closely misses you.
You hit the wyvern.
The wyvern is severely wounded.
The basilisk bites the wyvern!
The wyvern dies!
Okawaru accepts your kill. The basilisk bites you!
* * * LOW HITPOINT WARNING * * *
Unknown command.
You hit the basilisk but do no damage. The basilisk bites you.
* * * LOW HITPOINT WARNING * * *
You barely miss the basilisk. The basilisk bites you!
* * * LOW HITPOINT WARNING * * *
You puncture the basilisk!
The basilisk is moderately wounded.
The basilisk barely misses you.
You closely miss the basilisk.
The basilisk is moderately wounded.
The basilisk bites you!!
You die...

#.........#
#.....#
########### #
####### ## .# ###
##.##..#.
$.###....#.. ###
####.#......#..
#.#
####.###........
.####
#.#..†...l†..#
....###.........@#
#.........###.#.##
############..##.#
#### ##


You could see a neutral basilisk (fast, strong, insane).

Vanquished Creatures
  2 two-headed ogres
  An unseen horror (D:9)
  A troll (D:9)
  5 yaks
  Sigmund (D:2)
  3 wyverns
  2 steam dragons
  An acid dragon (D:10)
  7 orc warriors
  A sky beast (D:7)
  A black bear (D:7)
  An ice beast (D:5)
  2 necrophages
  2 centaurs
  An ogre (D:6)
  2 kobold brigands
  5 bullfrogs
  A gnoll sergeant (D:8)
  A wyvern zombie (D:8)
  Blork the orc (D:5)
  2 scorpions
  A water moccasin skeleton (D:6)
  5 killer bees
  2 centaur zombies
  A gnoll shaman (D:7)
  3 hounds (D:5)
  13 orc priests
  Ijyb (D:5)
  A centaur skeleton (D:7)
  7 iguanas
  12 orc wizards
  A scorpion zombie (D:5)
  3 killer bee zombies
  8 mummies (Ossuary)
  Robin (D:2)
  11 gnolls
  A howler monkey skeleton (D:6)
  5 adders
  A shadow imp (D:7)
  A white imp (D:8)
  2 dart slugs
  66 orcs
  8 ball pythons
  4 bats
  3 endoplasms
  A giant cockroach (D:4)
  26 goblins
  10 hobgoblins
  13 kobolds
  A quokka (D:4)
  5 frilled lizards
  2 gnoll zombies (Ossuary)
  4 hobgoblin zombies (Ossuary)
  2 orc zombies (Ossuary)
  4 rats
272 creatures vanquished.

Vanquished Creatures (collateral kills)
  A wyvern (D:10)
1 creature vanquished.

Grand Total: 273 creatures vanquished

Notes
Turn   | Place    | Note
-------+----------+-------------------------------------------
     0 | D:1      | MisterFreud the Naga Fighter began the quest for the Orb.
     0 | D:1      | Reached XP level 1. HP: 21/21 MP: 1/1
   460 | D:1      | Reached XP level 2. HP: 25/28 MP: 2/2
  1131 | D:2      | Reached XP level 3. HP: 34/34 MP: 3/3
  1315 | D:2      | Noticed Robin
  1458 | D:3      | Reached XP level 4. HP: 22/42 MP: 4/4
  1757 | D:3      | Reached XP level 5. HP: 24/49 MP: 5/5
  1758 | D:3      | Reached skill level 5 in Polearms
  2229 | D:2      | Killed Robin
  2346 | D:2      | Noticed Sigmund
  2363 | D:2      | Killed Sigmund
  2364 | D:2      | Reached XP level 6. HP: 6/56 MP: 6/6
  3219 | D:3      | Found a sparkling altar of Nemelex Xobeh.
  3219 | D:3      | Found an iron altar of Okawaru.
  3223 | D:3      | Became a worshipper of Warmaster Okawaru
  3573 | D:4      | Found a snail-covered altar of Cheibriados.
  3793 | D:4      | Noticed a necrophage
  3803 | D:4      | Killed a necrophage
  3804 | D:4      | Reached XP level 7. HP: 52/62 MP: 7/7
  4539 | D:5      | Entered Level 5 of the Dungeon
  4549 | D:5      | Reached skill level 1 in Invocations
  4714 | D:5      | Noticed Ijyb
  4728 | D:5      | Reached * piety under Okawaru
  4736 | D:5      | Killed Ijyb
  5014 | D:5      | Noticed a wyvern
  5019 | D:5      | Reached XP level 8. HP: 67/69 MP: 10/10
  5023 | D:5      | Killed a wyvern
  5272 | D:5      | Found a shimmering blue altar of Sif Muna.
  5272 | D:5      | Found a stormy altar of Qazlal.
  5337 | D:5      | Noticed Blork the orc
  5356 | D:5      | Killed Blork the orc
  6330 | D:6      | Found a sand-covered staircase.
  6335 | Ossuary  | Entered an ossuary
  6398 | Ossuary  | Reached ** piety under Okawaru
  6568 | D:6      | Reached skill level 4 in Fighting
  6710 | D:6      | Found a staircase to the Ecumenical Temple.
  7160 | D:7      | Reached XP level 9. HP: 56/79 MP: 12/12
  7568 | D:8      | Reached skill level 5 in Fighting
  8067 | D:7      | Noticed a two-headed ogre
  8077 | D:7      | Killed a two-headed ogre
  8077 | D:7      | Reached *** piety under Okawaru
  8078 | D:7      | Reached skill level 5 in Armour
  8078 | D:7      | Reached skill level 5 in Shields
  8078 | D:7      | Reached skill level 5 in Invocations
  8242 | D:7      | Found a shimmering altar of Xom.
  8490 | D:7      | Reached XP level 10. HP: 87/88 MP: 15/15
  8699 | D:8      | Found Osita's Book Shop.
  8897 | D:8      | Reached skill level 6 in Fighting
  8900 | D:8      | Reached **** piety under Okawaru
  9152 | D:8      | Reached skill level 7 in Fighting
  9469 | D:8      | Found Naus Wya's Assorted Antiques.
  9478 | D:8      | Found Wyveh's General Store.
  9480 | D:8      | Bought a lumpy coppery potion for 26 gold pieces
  9480 | D:8      | Bought a scroll labelled CIUHOS ZUECUC for 29 gold pieces
  9490 | D:8      | Bought a potion of lignification for 36 gold pieces
  9708 | D:9      | Identified the +7 hand axe of Hacking and Slashing {flame,
                  | +Blink Str-2 Int+3 Stlth+}
 10121 | D:9      | Noticed an unseen horror
 10122 | D:9      | Noticed a two-headed ogre
 10134 | D:9      | Reached skill level 8 in Fighting
 10138 | D:9      | Killed an unseen horror
 10152 | D:9      | Killed a two-headed ogre
 10152 | D:9      | Reached ***** piety under Okawaru
 10153 | D:9      | Reached skill level 9 in Fighting
 10499 | D:10     | Entered Level 10 of the Dungeon
 10556 | D:10     | Reached XP level 11. HP: 78/108 MP: 17/17
 10696 | D:10     | Identified the +5 long sword of Ukhub {drain, Str+3}
 10700 | D:10     | Reached skill level 10 in Fighting
 10741 | D:10     | Found a staircase to the Orcish Mines.
 10769 | D:10     | Reached skill level 1 in Evocations
 11522 | D:10     | Slain by a basilisk

Illustrated notes

Levels and vault maps discovered:
D:1:      dpeg_arrival_water_fire, layout_basic
D:2:      cheibrodos_greedy_goblins, layout_rooms, uniq_sigmund, uniq_robin
D:3:      layout_loops_cross, gammafunk_temple_overflow_wave
D:4:      layout_basic, lemuel_doored_altar
D:5:      layout_loops_ring, jmf_multi_god_temple, uniq_blork_the_orc, uniq_ijyb
D:6:      layout_loops_ring, minmay_temple_entry_glassed_door, enter_ossuary_2
D:7:      layout_rooms, brannock_xom_greatest_gift, st_stairs_1,
          minmay_crossroads
D:8:      layout_rooms, serial_shops, nicolae_shop_stone,
          nicolae_shop_competitors_out_of_business, nicolae_square_shop
D:9:      layout_roguey
D:10:     layout_rooms, erik_lair_dragon, david_orc_5

Skill      XL: |  1  2  3  4  5  6  7  8  9 10 11 |
---------------+----------------------------------+-----
Polearms       | 3 4 6 7 8 9 |  9.0
Invocations    | 3 4 7 8 |  8.5
Armour         | 3 5 |  5.0
Shields        | 3 5 |  5.0
Fighting       | 4 5 9 10 | 10.0
Evocations     | 2 |  2.4

Action                   |  1- 3 |  4- 6 |  7- 9 | 10-12 || total
-------------------------+-------+-------+-------+-------++-------
Melee: Trident           |    71 |   122 |   385 |   324 ||   902
       Punch             |       |       |       |     1 ||     1
Throw: Dart              |       |       |     1 |       ||     1
Invok: Heroism           |       |       |     2 |     3 ||     5
 Abil: Spit Poison       |    20 |    21 |    10 |       ||    51
  Use: Potion            |       |       |     3 |     1 ||     4
       Scroll            |       |       |     8 |     3 ||    11
Armor: Scale mail        |    30 |    31 |   118 |    88 ||   267
Dodge: Dodged            |    21 |    30 |   106 |    64 ||   221
Block: Buckler           |    14 |    12 |   135 |   143 ||   304
       Reflection        |       |       |     1 |     4 ||     5
       Orb               |       |       |       |     3 ||     3
       Other             |       |       |       |     2 ||     2
